 Dungeon Crawl Stone Soup version 0.31.0-32-g396128a36d (webtiles) character file.

Game seed: 17340430576645166541

979 Silvore the Cudgeller (level 7, 0/62 HPs)
             Began as a Minotaur Fighter on Mar 12, 2024.
             Was a Believer of Zin.
             Killed from afar by Maggie (16 damage)
             ... with a bolt of fire
             ... on level 6 of the Dungeon.
             The game lasted 00:08:31 (4630 turns).

Silvore the Cudgeller (Minotaur Fighter)            Turns: 4630, Time: 00:08:32

Health: 0/62       AC: 13    Str: 23    XL:     7   Next: 96%
Magic:  6/6        EV:  8    Int:  5    God:    Zin [**....]
Gold:   328        SH:  4    Dex:  9    Spells: 6/6 levels left

rFire   . . .        a - +2 flail
rCold   . . .        c - +0 buckler
rNeg    . . .        r - +1 chain mail
rPois   .            (helmet restricted)
rElec   .            l - +0 cloak
rCorr   .            (no gloves)
SInv    .            o - +0 pair of boots
Will    .....        (no amulet) Stlth
                     (no ring)
HPRegen 0.30/turn    (no ring)
MPRegen 0.10/turn

%: no passive effects
@: mesmerised
A: horns 2, retaliatory headbutt
a: Renounce Religion, Recite, Vitalisation, Donate Gold


You were on level 6 of the Dungeon.
You worshipped Zin.
Zin was pleased with you.
You visited 2 branches of the dungeon, and saw 7 of its levels.

You collected 364 gold pieces.
You donated 36 gold pieces to Zin.

Inventory:

Hand Weapons
 a - a +2 flail (weapon)
Missiles
 f - 2 throwing nets (quivered)
Armour
 b - a +0 scale mail
 c - a +0 buckler (worn)
 l - a +0 cloak (worn)
 o - a +0 pair of boots (worn)
 r - a +1 chain mail (worn)
Jewellery
 h - a +6 ring of dexterity
 s - a ring of resist corrosion
 t - a ring of protection from fire
Wands
 g - a wand of flame (28)
 q - a wand of digging (1)
 u - a wand of iceblast (6)
Scrolls
 e - 2 scrolls of teleportation
 j - a scroll of butterflies {unknown}
Potions
 d - a potion of might
 i - 2 potions of curing
 k - 2 potions of enlightenment
 m - a potion of haste
 n - a potion of attraction
 p - a potion of brilliance {unknown}


   Skills:
 + Level 5.8 Fighting
 + Level 7.4 Maces & Flails
 + Level 6.3 Armour
 + Level 1.8 Dodging
 + Level 0.5 Stealth
 + Level 5.3 Shields


You had 6 spell levels left.
You didn't know any spells.
Your spell library contained the following spells:

 Spells                   Type           Power      Damage    Failure   Level
 Sandblast                Erth           0%         2d4       98%         1
 Call Canine Familiar     Summ           0%         N/A       100%        3
 Passwall                 Erth           0%         N/A       100%        3
 Sigil of Binding         Hex            0%         N/A       100%        3
 Stone Arrow              Conj/Erth      0%         3d7       100%        3
 Brom's Barrelling Bould  Conj/Erth      0%         2d3       100%        4
 Dimensional Bullseye     Hex/Tloc       0%         N/A       100%        4


Dungeon Overview and Level Annotations

Branches:
Dungeon (6/15)             Temple (1/1) D:4

Altars:
Ashenzari
Cheibriados
Elyvilon
Fedhas
Gozag
Kikubaaqudgha
Makhleb
Okawaru
Qazlal
Ru
Sif Muna
Trog
Uskayaw
Vehumet
Yredelemnul
Zin

Shops:
D:5 ![**

Annotations:
D:6 Edmund, Maggie, Menkaure


Innate Abilities, Weirdness & Mutations

You have a pair of horns on your head.
You reflexively headbutt those who attack you in melee.


Message History

u - a wand of iceblast (6)
You open the door.
There is an open door here.
You open the door.
There is an open door here.
Maggie the Vainglorious comes into view.
She is wielding a +0 heavy war axe.
Maggie shouts!
Maggie casts a spell.
Maggie attempts to bespell you!
You are mesmerised by Maggie!
Maggie is nearby!
Maggie casts a spell at you. The bolt of fire misses you.
Maggie points at you and mumbles some strange words.
The bolt of fire hits you!!
You closely miss Maggie. Your headbutt misses Maggie.
Maggie hits you with a +0 heavy war axe!
You closely miss Maggie. Your headbutt misses Maggie. You hit Maggie.
You headbutt Maggie.
Maggie is lightly wounded.
Maggie hits you with a +0 heavy war axe.
You closely miss Maggie. You headbutt Maggie!
Maggie is moderately wounded.
Maggie mumbles some strange words.
Maggie draws you further into her thrall.
You thump Maggie! You headbutt Maggie.
Maggie is heavily wounded.
Maggie hits you with a +0 heavy war axe!
* * * LOW HITPOINT WARNING * * *
You sock Maggie! You headbutt Maggie, but do no damage.
Maggie is severely wounded.
You block Maggie's attack.
You sock Maggie!
Maggie is almost dead.
You barely miss Maggie.
Maggie is almost dead.
Maggie gives herself a magical halo, but it quickly sputters out.
Maggie casts a spell at you. The bolt of fire hits you!
You die...

#... ###...# ##.....
.....## ##".... #....#
#.?.######
.######..@@....#
...............########
.....M.........#
...............#
...............#
......@..<.....#
...............#######
...............#.....#
......<........#.....#


You could see Maggie (mesmerising).

Vanquished Creatures
  A water moccasin (D:4)
  A black bear (D:4)
  An ice beast (D:5)
  An ogre (D:3)
  A centaur (D:4)
  A scorpion (D:5)
  2 hounds
  A gnoll bouda (D:5)
  An orc priest (D:4)
  2 iguanas
  2 orc wizards
  8 gnolls
  7 adders
  A white imp (D:5)
  5 dart slugs
  2 ribbon worms
  7 orcs
  3 ball pythons
  7 endoplasms
  A giant cockroach (D:1)
  10 goblins
  4 hobgoblins
  2 quokkas
  7 bats
  3 frilled lizards
  14 kobolds
  5 rats
100 creatures vanquished.

Vanquished Creatures (others)
  A kobold (D:1)
1 creature vanquished.

Grand Total: 101 creatures vanquished

Notes
Turn   | Place    | Note
-------+----------+-------------------------------------------
     0 | D:1      | Silvore the Minotaur Fighter began the quest for the Orb.
     0 | D:1      | Reached XP level 1. HP: 19/19 MP: 0/0
   188 | D:1      | Reached XP level 2. HP: 26/27 MP: 1/1
   554 | D:1      | Reached skill level 3 in Maces & Flails
  1018 | D:2      | Reached XP level 3. HP: 32/33 MP: 2/2
  1311 | D:2      | Reached skill level 1 in Dodging
  1311 | D:2      | Reached XP level 4. HP: 31/40 MP: 3/3
  1485 | D:3      | Reached skill level 4 in Maces & Flails
  1701 | D:3      | Found a sacrificial altar of Ru.
  1850 | D:3      | Noticed an ogre
  1857 | D:3      | Killed an ogre
  1858 | D:3      | Reached XP level 5. HP: 21/47 MP: 4/4
  2071 | D:3      | Found a snail-covered altar of Cheibriados.
  2092 | D:3      | Reached skill level 5 in Maces & Flails
  2434 | D:4      | Found a staircase to the Ecumenical Temple.
  2450 | Temple   | Entered the Ecumenical Temple
  2482 | Temple   | Became a worshipper of Elyvilon the Healer
  2588 | D:4      | Reached XP level 6. HP: 50/55 MP: 5/5
  2734 | D:4      | Reached skill level 5 in Armour
  2793 | D:4      | Noticed a water moccasin
  2802 | D:4      | Killed a water moccasin
  2803 | D:4      | Reached skill level 5 in Fighting
  2987 | D:4      | Reached skill level 6 in Maces & Flails
  3014 | D:4      | Reached XP level 7. HP: 49/61 MP: 6/6
  3113 | D:4      | Found a shimmering blue altar of Sif Muna.
  3118 | D:4      | Reached * piety under Elyvilon
  3509 | D:5      | Entered Level 5 of the Dungeon
  3513 | D:5      | Found Taid's Distillery.
  3576 | D:5      | Reached skill level 7 in Maces & Flails
  3576 | D:5      | Reached skill level 5 in Shields
  3794 | D:5      | Found an opulent altar of Gozag.
  3866 | D:5      | Found a glowing silver altar of Zin.
  3899 | D:5      | Found Uclo's General Store.
  3952 | D:5      | Fell from the grace of Elyvilon
  3952 | D:5      | Became a worshipper of Zin the Law-Giver
  3952 | D:5      | Reached * piety under Zin
  3952 | D:5      | Reached ** piety under Zin
  3996 | D:5      | Found Xuum's Assorted Antiques.
  4034 | D:5      | Found Qaetuja's Armour Emporium.
  4078 | D:5      | Found a radiant altar of Vehumet.
  4141 | D:5      | Found an iron altar of Okawaru.
  4592 | D:6      | Noticed Edmund
  4592 | D:6      | Noticed Menkaure
  4620 | D:6      | Noticed Maggie
  4630 | D:6      | Killed from afar by Maggie

Illustrated notes

Levels and vault maps discovered:
D:1:      mainiacjoe_arrival_reflecting_pool, layout_loops_ring,
          nicolae_concentric_dashed_squares_wild, lemuel_flame_loot_1
D:2:      layout_rooms
D:3:      layout_loops_ring, mainiacjoe_overflow_alcove_2, marbit_many_paths
D:4:      layout_gridville, mainiacjoe_overflow_cross_hatched,
          minmay_temple_entry_sparse_star, minmay_pentomino_pile
D:5:      layout_basic, pdpol_temple_overflow_zin_treasury_gozag_greed,
          general_overflow_altar, mainiacjoe_overflow_alcove_1, serial_shops,
          shop, nicolae_shop_tiny_glass, nicolae_shop_tiny_statue_garden,
          nicolae_shop_window_shopping
D:6:      layout_gridville, nicolae_tso_carved_into_rock, lemuel_doored_altar,
          uniq_edmund, uniq_menkaure, uniq_maggie, uniq_pikel
Temple:   kb_temple_of_zot

Skill      XL: |  1  2  3  4  5  6  7 |
---------------+----------------------+-----
Fighting       | 4 5 |  5.8
Shields        | 4 5 |  5.3
Maces & Flails | 3 4 5 6 7 |  7.4
Armour         | 4 5 6 |  6.3
Dodging        | 1 |  1.8
Stealth        | |  0.5

Action                     |  1- 3 |  4- 6 |  7- 9 || total
---------------------------+-------+-------+-------++-------
  Melee: Flail             |   100 |   124 |    55 ||   279
         Headbutt          |    10 |    15 |    12 ||    37
    Use: Scroll            |     5 |     7 |     3 ||    15
         Potion            |     1 |       |       ||     1
 Armour: Scale mail        |    81 |    92 |    13 ||   186
         Chain mail        |       |       |    45 ||    45
  Dodge: Dodged            |    47 |    53 |    29 ||   129
  Block: Buckler           |    21 |    34 |    11 ||    66
